 Dungeon Crawl Stone Soup version 0.22-a0-293-gc9362ec (webtiles) character file.

38689 Amnesiac the Fighter (level 13, -12/117 HPs)
             Began as a Demigod Wizard on Mar 24, 2018.
             Killed from afar by a deep elf mage (27 damage)
             ... with a stone arrow
             ... on level 1 of the Elven Halls.
             The game lasted 00:35:00 (17557 turns).

Amnesiac the Fighter (Demigod Wizard)              Turns: 17557, Time: 00:35:02

Health: -12/117    AC:  7    Str: 10    XL:     13   Next: 31%
Magic:  2/30       EV: 20    Int: 34    God:
Gold:   843        SH:  7    Dex: 14    Spells: 12/30 levels left

rFire    + . .     SeeInvis .   a - +2 spear (venom)
rCold    + . .     Gourm    .   Q - +2 buckler
rNeg     . . .     Faith    .   P - +1 robe {Archmagi}
rPois    +         Spirit   .   (no helmet)
rElec    .         Reflect  .   (no cloak)
rCorr    .         Harm     .   c - +2 pair of gloves
MR       ++...                  E - +0 pair of boots
Stlth    ++........             (no amulet)
HPRegen  0.29/turn              v - +4 ring of intelligence
MPRegen  0.22/turn              k - ring of ice

@: about to teleport
A: fire resistance 2, high mp 1, magic resistance 1, poison resistance
a: no special abilities


You were on level 1 of the Elven Halls.
You were not hungry.

You visited 3 branches of the dungeon, and saw 14 of its levels.

You collected 1201 gold pieces.
You spent 358 gold pieces at shops.

Inventory:

Hand Weapons
 a - a +2 spear of venom (weapon)
 b - a +1 hunting sling of freezing
 w - a +0 blowgun
 N - the +6 arbalest "Damnation" {damnation}
   (You found it on level 9 of the Dungeon)
Missiles
 f - 346 stones (quivered)
 y - 9 poisoned needles
 H - 29 sling bullets
 I - 58 bolts
Armour
 c - a +2 pair of gloves (worn)
 E - a +0 pair of boots (worn)
 P - a +1 robe of the Archmagi (worn)
 Q - a +2 buckler (worn)
Magical Staves
 G - an uncursed staff of conjuration
 J - an uncursed staff of earth
Jewellery
 k - a ring of ice (right hand)
 v - a +4 ring of intelligence (left hand)
Wands
 e - a wand of iceblast (7)
 h - a wand of flame (47)
 r - a wand of disintegration (19)
 u - a wand of polymorph (20)
 L - a wand of scattershot (5)
 M - a wand of random effects (20)
Scrolls
 g - 6 scrolls of amnesia {!r}
 j - 4 scrolls of identify {!r}
 p - 3 scrolls of teleportation {!r}
 x - 5 scrolls of remove curse {!r}
 B - 3 scrolls of blinking {!r}
 D - a scroll of enchant armour {!r}
Potions
 i - 5 potions of curing {!q}
 l - 2 potions of brilliance {!q}
 m - 2 potions of haste {!q}
 o - a potion of invisibility {!q}
 q - 2 potions of agility {!q}
 s - 2 potions of berserk rage {!q}
 t - 2 potions of lignification {!q}
 z - a potion of flight {!q}
 A - a potion of resistance {!q}
 C - 2 potions of mutation {!q}
 K - a potion of cancellation {!q}
Comestibles
 d - 17 rations
 n - 7 chunks of flesh


   Skills:
 + Level 11.9 Fighting
 + Level 11.9 Dodging
 - Level 1.7 Stealth
 - Level 4.0 Shields
 - Level 9.0 Spellcasting
 - Level 9.0 Conjurations
 - Level 0.8 Summonings
 - Level 0.8 Translocations
 - Level 4.0 Evocations


You had 12 spell levels left.
You knew the following spells:

 Your Spells              Type           Power        Failure   Level  Hunger
a - Iskenderun's Mystic   Conj           #######.     1%          4    None
b - Call Imp              Summ           ####....     3%          2    None
c - Fulminant Prism       Conj/Hex       ######....   4%          4    None
e - Mephitic Cloud        Conj/Pois/Air  ######..     2%          3    None
s - Conjure Flame         Conj/Fire      ######..     1%          3    None
v - Blink                 Tloc           N/A          3%          2    None


Dungeon Overview and Level Annotations

Branches:
Dungeon (11/15)            Temple (0/1) D:5            Lair (0/6) D:8
    Orc (2/2) D:10            Elf (1/3) Orc:2

Shops:
Orc:1 }   Orc:2 [?:!   Elf:1 }}=

Portals:
Pandemonium: Orc:2


Innate Abilities, Weirdness & Mutations

You have an increased reservoir of magic. (+10% MP)
Your flesh is very heat resistant. (rF++)
You are resistant to hostile enchantments. (MR+)
Your system is resistant to poisons. (rPois)


Message History

The bolt of fire hits you! You resist.
Unknown command.
Okay, then.
Wield which item (- for none, * to show all)? (? for menu, Esc to quit)
Your +2 spear of venom begins to drip with poison!
a - a +2 spear of venom (weapon)
Attack whom?
Press: ? - help, Dir - move target cursor, f/p - deep elf mage
Aim: a deep elf mage, wielding a long sword (almost dead)
You reach to attack!
You miss the deep elf mage.
The deep elf mage is almost dead.
You barely miss the deep elf mage.
The deep elf mage is almost dead.
The deep elf mage mumbles some strange words.
You hit the deep elf mage.
The deep elf mage is poisoned.
The deep elf mage is almost dead.
The deep elf mage hits you with a long sword.
* * * LOW HITPOINT WARNING * * *
The fire elemental misses you.
You hit the deep elf mage.
You kill the deep elf mage!
The fire elemental disappears in a puff of smoke!
Really read
p - 5 scrolls of teleportation {!r}?
As you read the scroll of teleportation {!r}, it crumbles to dust.
You feel strangely unstable. The water elemental closely misses you.
There is an open door here.
Your surroundings suddenly seem different.
A deep elf mage comes into view.
It is wielding a long sword of holy wrath.
The deep elf mage shouts!
A deep elf mage comes into view. It is wielding a long sword.
The deep elf mage shouts!
A deep elf mage comes into view. It is wielding a short sword.
The deep elf mage casts a spell.
The deep elf mage hits you with a long sword.
* * * LOW HITPOINT WARNING * * *
A deep elf high priest comes into view. It is wielding a scimitar.
The deep elf high priest utters a dark prayer and points at you.
Your life force is offered up.
* * * LOW HITPOINT WARNING * * *
Found four items.
You open the gate. The deep elf mage misses you.
The deep elf mage gestures wildly while chanting.
The deep elf mage blinks!
The deep elf high priest invokes the aid of its god against you.
Something smites you!
* * * LOW HITPOINT WARNING * * *
Found a ration.
Really read
p - 4 scrolls of teleportation {!r}?
As you read the scroll of teleportation {!r}, it crumbles to dust.
You feel strangely unstable.
The deep elf mage gestures at you while chanting.
The stone arrow misses you. The earth elemental closely misses you.
The deep elf mage barely misses you.
The deep elf mage casts a spell.
The deep elf mage blinks!
You hear the brisk crackle of a very distant magical portal.
The deep elf mage gestures at you while chanting.
The bolt of magma hits the earth elemental.
The earth elemental partially resists.
The bolt of magma hits you! You partially resist.
* * * LOW HITPOINT WARNING * * *
The deep elf mage casts a spell at you. The stone arrow hits you!
You die...

## ## ###≈≈
.## #≈≈≈≈
..#
#≈≈§####..#
#≈≈##[.#..##
#≈##$eE@..e#
#≈#).e.'..%+
♣♣♣♣♣
#≈##$eE'...#
♣...♣♣
#≈≈##(.#..##
♣..∩.♣♣
#≈≈§####..#
♣.....♣
#≈≈≈≈ ..#
∩)⌠.∩.♣
###≈≈ .##
♣.....♣ ##
## ♣..∩.♣♣


You could see a deep elf high priest, 2 earth elementals and 3 deep elf magi.

Vanquished Creatures
  A two-headed ogre (D:7)
  2 deep elf knights (Elf:1)
  8 orc high priests (Orc:2)
  A sixfirhy (Orc:2)
  2 soul eaters (Orc:2)
  An infernal demonspawn (Orc:2)
  2 gelid demonspawn (Orc:2)
  A torturous demonspawn (Orc:2)
  A lindwurm (Orc:2)
  6 orc knights
  A deep elf archer (Elf:1)
  10 deep elf magi
  Pikel (D:8)
  8 orc sorcerers
  2 rust devils
  4 gargoyles (D:10)
  A hellwing (Orc:2)
  6 trolls
  Grinder (D:3)
  A hippogriff (D:8)
  A human (D:7)
  4 hogs (D:7)
  A water elemental (Orc:2)
  11 yaks (D:10)
  Grum (D:8)
  A chaos spawn (Orc:2)
  8 wargs
  4 sky beasts
  2 slaves (D:8)
  3 black bears
  38 orc warriors
  A necrophage (D:10)
  An ice beast (D:8)
  14 ogres
  2 wolves
  A centaur (D:10)
  An elf zombie (D:9)
  A big kobold (D:8)
  5 bullfrogs
  A gnoll sergeant (D:6)
  A wyvern skeleton (D:8)
  A wyvern zombie (D:10)
  An elf skeleton (D:9)
  A scorpion (D:7)
  22 killer bees
  2 wights (D:9)
  2 howler monkeys
  2 bullfrog zombies
  A centaur zombie (D:8)
  3 crimson imps
  A quasit (D:9)
  4 jellies
  9 hounds
  A bullfrog skeleton (D:6)
  3 centaur skeletons
  A gnoll shaman (D:4)
  27 orc priests
  20 orc wizards
  A human skeleton (D:9)
  2 human zombies (D:9)
  2 iguanas
  Ijyb (D:3)
  Terence (D:3)
  8 worker ants
  A killer bee zombie (D:9)
  An ogre zombie (D:9)
  A hound zombie (D:6)
  5 mummies
  A howler monkey skeleton (D:5)
  15 gnolls
  9 adders
  2 shadow imps
  An ooze (D:1)
  An adder skeleton (D:7)
  2 worms
  A dart slug (D:2)
  4 leopard geckos
  90 orcs
  2 ball pythons
  2 giant cockroaches (D:1)
  5 goblins
  3 hobgoblins
  16 jackals
  5 kobolds
  3 quokkas
  5 bats
  6 frilled lizards
  A jackal skeleton (D:9)
  A quokka skeleton (D:5)
  A quokka zombie (D:5)
  7 rats
469 creatures vanquished.

Vanquished Creatures (collateral kills)
  An ogre (D:5)
  A killer bee (D:7)
2 creatures vanquished.

Vanquished Creatures (others)
  2 slaves (D:8)
  An orc (D:10)
  2 fulminant prisms (Elf:1)
5 creatures vanquished.

Grand Total: 476 creatures vanquished

Notes
Turn   | Place    | Note
-------+----------+-------------------------------------------
     0 | D:1      | Amnesiac the Demigod Wizard began the quest for the Orb.
     0 | D:1      | Reached XP level 1. HP: 14/14 MP: 6/6
    58 | D:1      | Reached skill level 1 in Conjurations
   356 | D:1      | Reached XP level 2. HP: 20/20 MP: 5/8
   500 | D:1      | Learned a level 2 spell: Call Imp
   769 | D:2      | Found a basalt altar of Yredelemnul.
   835 | D:2      | Found a blossoming altar of Fedhas.
  1359 | D:2      | Found a glowing golden altar of the Shining One.
  1434 | D:2      | Found a white marble altar of Elyvilon.
  1571 | D:2      | Found an iron altar of Okawaru.
  1610 | D:3      | Reached XP level 3. HP: 26/26 MP: 5/10
  1615 | D:3      | Learned a level 3 spell: Mephitic Cloud
  1625 | D:3      | Noticed Ijyb
  1631 | D:3      | Killed Ijyb
  1713 | D:3      | Reached XP level 4. HP: 28/34 MP: 9/11
  1720 | D:3      | Reached skill level 1 in Fighting
  1725 | D:3      | Learned a level 3 spell: Conjure Flame
  1849 | D:3      | Noticed Grinder
  1863 | D:3      | Killed Grinder
  1863 | D:3      | Reached XP level 5. HP: 44/44 MP: 12/12
  1905 | D:3      | Found a faded altar of an unknown god.
  1912 | D:3      | Reached XP level 6. HP: 50/50 MP: 13/13
  2046 | D:3      | Noticed Terence
  2054 | D:3      | Killed Terence
  2186 | D:3      | Found a hide-covered altar of Uskayaw.
  2714 | D:4      | Learned a level 2 spell: Blink
  2736 | D:4      | Reached XP level 7. HP: 58/58 MP: 8/14
  3159 | D:4      | Reached skill level 5 in Conjurations
  3351 | D:5      | Entered Level 5 of the Dungeon
  3352 | D:5      | Found a shadowy altar of Dithmenos.
  3440 | D:5      | Found a staircase to the Ecumenical Temple.
  3692 | D:5      | Reached skill level 5 in Fighting
  3784 | D:5      | Reached skill level 5 in Dodging
  3842 | D:5      | Found an ornate altar of the Wu Jian Council.
  3842 | D:5      | Found a sparkling altar of Nemelex Xobeh.
  3847 | D:5      | Found an opulent altar of Gozag.
  3849 | D:5      | Found a shadowy altar of Dithmenos.
  3854 | D:5      | Found a shimmering altar of Xom.
  4017 | D:5      | Reached XP level 8. HP: 58/68 MP: 15/15
  4860 | D:6      | Reached skill level 1 in Shields
  5961 | D:7      | Reached XP level 9. HP: 64/78 MP: 12/16
  6603 | D:7      | Found a snail-covered altar of Cheibriados.
  6668 | D:6      | Noticed a rust devil
  6668 | D:6      | Noticed a rust devil
  7079 | D:8      | Noticed Grum
  7318 | D:8      | Reached skill level 1 in Evocations
  7406 | D:8      | Killed Grum
  7680 | D:8      | Gained mutation: Your flesh is heat resistant. (rF+) [potion of mutation]
  7680 | D:8      | Gained mutation: Your flesh is very heat resistant. (rF++) [potion of mutation]
  7680 | D:8      | Gained mutation: Your system is resistant to poisons. (rPois) [potion of mutation]
  7680 | D:8      | Gained mutation: You are resistant to hostile enchantments. (MR+) [potion of mutation]
  7746 | D:8      | Reached XP level 10. HP: 64/88 MP: 17/17
  7814 | D:8      | Learned a level 4 spell: Iskenderun's Mystic Blast
  8037 | D:8      | Noticed Pikel
  8043 | D:8      | Noticed a two-headed ogre
  8048 | D:8      | Killed Pikel
  8076 | D:7      | Killed a two-headed ogre
  8076 | D:7      | Reached skill level 5 in Spellcasting
  8414 | D:8      | Found a staircase to the Lair.
  8483 | D:7      | Killed a rust devil
  9340 | D:9      | Found an ancient bone altar of Kikubaaqudgha.
 10150 | D:9      | Found the +6 arbalest "Damnation" {damnation}
 10596 | D:10     | Entered Level 10 of the Dungeon
 10632 | D:10     | Reached XP level 11. HP: 94/94 MP: 1/24
 10749 | D:10     | Found a staircase to the Orcish Mines.
 12523 | D:11     | Identified a paperback manual
 12601 | Orc:1    | Entered Level 1 of the Orcish Mines
 12926 | Orc:2    | Entered Level 2 of the Orcish Mines
 12926 | Orc:2    | Noticed an orc knight
 13262 | Orc:1    | Killed an orc knight
 13400 | Orc:2    | Found a staircase to the Elven Halls.
 13441 | Orc:2    | Noticed an orc knight
 13697 | Orc:1    | Killed an orc knight
 14565 | Orc:1    | Paralysed by an orc sorcerer for 6 turns
 14578 | Orc:1    | Noticed a sun demon
 14702 | Orc:1    | Found Worouw's Gadget Shop.
 14713 | Orc:1    | Reached XP level 12. HP: 98/103 MP: 20/29
 16129 | Orc:2    | Reached skill level 10 in Fighting
 16322 | Orc:2    | Found Xeucock's Magic Scroll Emporium.
 16326 | Orc:2    | Found Zextahil's Distillery.
 16337 | Orc:2    | Reached skill level 10 in Dodging
 16345 | Orc:2    | Bought a potion of cancellation for 88 gold pieces
 16931 | Orc:2    | Reached XP level 13. HP: 106/116 MP: 19/30
 16994 | Orc:2    | Found Teeck's Antique Armour Boutique.
 16994 | Orc:2    | Found Kecol's Book Shop.
 16994 | Orc:2    | Found a one-way gate leading to the halls of Pandemonium.
 17005 | Orc:2    | Bought a shiny buckler for 270 gold pieces
 17112 | Elf:1    | Entered Level 1 of the Elven Halls
 17305 | Elf:1    | Learned a level 4 spell: Fulminant Prism
 17507 | Elf:1    | Found Buqar's Gadget Shop.
 17508 | Elf:1    | Found Syranips's Jewellery Emporium.
 17509 | Elf:1    | Found Hoele's Gadget Shop.
 17557 | Elf:1    | Killed from afar by a deep elf mage

Vault maps used:
D:1:      saegor_arrival_simple_d
D:2:      nicolae_overflow_crystal_walls, nicolae_overflow_quartered_altars
D:3:      lemuel_doored_altar, chequers_ecumenical_altar_simple_redux,
          uniq_ijyb, uniq_grinder, uniq_terence
D:4:      minmay_misc_feat_tower
D:5:      cheibrodos_barr_body, chequers_temple_overflow_minitemple,
          minmay_temple_entry_trees, first_ration,
          grunt_dithmenos_smoke_and_mirrors
D:6:      cheibrodos_iron_armory, hangedman_abyss_or_decor_passed, st_stairs_11,
          moated_statue
D:7:      slow_altar_2, grunt_livestock, eino_jars
D:8:      lair_entry_dummy, uniq_pikel, uniq_grum
D:9:      lemuel_mausoleum_altar_kikubaaqudgha
D:10:     cheibrodos_statue_roulette, david_orc_3, special_room
Orc:1:    serial_shops, shop
Orc:2:    pf_orc_diabolical, nicolae_volcano_entry_vermiform
Elf:1:    eino_elf_arrival_sip, serial_shops, shop,
          infiniplex_enter_wizlab_water, kennysheep_underground_church,
          minmay_shop_grove

Skill      XL: |  1  2  3  4  5  6  7  8  9 10 11 12 |
---------------+-------------------------------------+-----
Conjurations   | 1 2 3 4 5 8 9 |  9.0
Spellcasting   | 3 6 9 |  9.0
Fighting       | 2 3 5 6 8 11 | 11.9
Dodging        | 2 3 5 6 8 11 | 11.9
Shields        | 4 |  4.0
Evocations     | 3 4 |  4.0
Stealth        | |  1.7
Summonings     | |  0.8
Translocations | |  0.8

Action                   |  1- 3 |  4- 6 |  7- 9 | 10-12 | 13-15 || total
-------------------------+-------+-------+-------+-------+-------++-------
Melee: Unarmed           |     8 |     9 |       |       |       ||    17
       Spear             |       |       |   203 |   407 |     4 ||   614
 Fire: Hunting sling     |    32 |   116 |   261 |       |       ||   409
       Arbalest          |       |       |       |    55 |     2 ||    57
 Cast: Magic Dart        |    58 |    12 |       |       |       ||    70
       Conjure Flame     |       |     1 |    20 |     5 |       ||    26
       Mephitic Cloud    |       |       |    15 |    11 |       ||    26
       Blink             |       |       |     5 |     2 |       ||     7
       Call Imp          |       |       |     5 |       |       ||     5
       Iskenderun's Myst |       |       |       |   251 |    36 ||   287
       Fulminant Prism   |       |       |       |       |     2 ||     2
Evoke: Wand              |       |       |     2 |       |       ||     2
  Use: Scroll            |       |     1 |    22 |     2 |     3 ||    28
       Potion            |       |       |     4 |     2 |     1 ||     7
 Stab: Confused          |       |     1 |     6 |     5 |       ||    12
       Distracted        |       |       |     1 |       |       ||     1
       Sleeping          |       |       |     1 |       |       ||     1
  Eat: Chunk             |     2 |     3 |    15 |    26 |     2 ||    48
       Ration            |       |       |     1 |     3 |       ||     4
Armor: Robe              |     2 |     7 |    38 |    72 |     2 ||   121
       Skin              |       |       |       |    11 |       ||    11
Dodge: Dodged            |    25 |    37 |   192 |   382 |    21 ||   657
Block: Buckler           |       |       |    37 |   115 |     3 ||   155

Table legend:
 A = Spawn XP
 B = Non-spawn XP
 C = Spawn XP percentage of total XP
 D = Spawn monster count
 E = Non-spawn monster count
 F = Spawn count percentage of total count
 G = Total turns spent on level
                    A         B        C        D         E        F      G
               +---------+---------+-------+---------+---------+-------+---------
         Total |       0 |   55270 |   0.0 |       0 |     470 |   0.0 | 17557
               +---------+---------+-------+---------+---------+-------+---------
           D:1 |       0 |      36 |   0.0 |       0 |      18 |   0.0 |   857
           D:2 |       0 |       9 |   0.0 |       0 |       5 |   0.0 |   803
           D:3 |       0 |     543 |   0.0 |       0 |      31 |   0.0 |   943
           D:4 |       0 |     625 |   0.0 |       0 |      21 |   0.0 |   892
           D:5 |       0 |     646 |   0.0 |       0 |      24 |   0.0 |   866
           D:6 |       0 |    1030 |   0.0 |       0 |      20 |   0.0 |  1951
           D:7 |       0 |    4084 |   0.0 |       0 |      41 |   0.0 |  1839
           D:8 |       0 |    2904 |   0.0 |       0 |      46 |   0.0 |  1213
           D:9 |       0 |    2516 |   0.0 |       0 |      42 |   0.0 |  1549
          D:10 |       0 |    5874 |   0.0 |       0 |      61 |   0.0 |  2350
         Orc:1 |       0 |    6334 |   0.0 |       0 |      61 |   0.0 |  1784
         Orc:2 |       0 |   23919 |   0.0 |       0 |      89 |   0.0 |  2282
         Elf:1 |       0 |    6750 |   0.0 |       0 |      11 |   0.0 |   218
               +---------+---------+-------+---------+---------+-------+---------
